 Dungeon Sprint DCSS version 0.19.0-11-g3fc08b3 (webtiles) character file.

9589 Groucho the Carver (level 11, -20/111 HPs)
             Began as a Minotaur Gladiator on Nov 10, 2016.
             Was the Champion of Cheibriados.
             Demolished by an orc warrior
             ... wielding a +0 trident
              (28 damage)
             ... in the Dungeon (Sprint IX: "|||||||||||||||||||||||||||||").
             The game lasted 00:05:24 (2939 turns).

Groucho the Carver (Minotaur Gladiator)             Turns: 2939, Time: 00:05:24

Health: -20/111    AC: 15    Str: 35    XL:     11   Next: 25%
Magic:  1/16       EV: 27    Int: 23    God:    Cheibriados [******]
Gold:   1261       SH:  0    Dex: 29    Spells: 0 memorised, 10 levels left

rFire  . . .     SeeInvis +     n - +2 scimitar (holy)
rCold  . . .     Gourm    .     p - +2 ring mail
rNeg   . . .     Faith    .     (no shield)
rPois  .         Spirit   .     c - +0 hat
rElec  .         Reflect  .     o - +0 cloak
rCorr  .         Harm     .     a - +0 pair of gloves
MR     .....     NoTele   +     y - +0 pair of boots
Stlth  ++........               (no amulet)
                                g - ring of see invisible
                                b - +3 ring of intelligence

@: very slow
A: retaliatory headbutt, horns 2
a: Bend Time, Temporal Distortion, Slouch, Step From Time, Renounce Religion


You were in the Dungeon.
You worshipped Cheibriados.
Cheibriados was exalted by your worship.
You were not hungry.

You visited 1 branch You collected 1261 gold pieces.

Inventory:

Hand Weapons
 n - a +2 scimitar of holy wrath (weapon)
Missiles
 d - 3 throwing nets (quivered)
Armour
 a - a +0 pair of gloves (worn)
 c - a +0 hat (worn)
 o - a +0 cloak (worn)
 p - a +2 ring mail (worn)
 t - a +4 plate armour of cold resistance
 y - a +0 pair of boots (worn)
Jewellery
 b - a +3 ring of intelligence (left hand)
 g - a ring of see invisible (right hand)
Wands
 m - a wand of lightning (4/15)
 z - a wand of iceblast (11/15)
Scrolls
 j - 4 scrolls of remove curse
 k - 3 scrolls of blinking
 l - 2 scrolls of amnesia
 s - 3 scrolls of enchant armour
 u - a scroll of identify
 v - a scroll of fear
Potions
 e - 7 potions of curing
 f - a potion of cure mutation
 i - 4 potions of magic
 r - a potion of agility
Comestibles
 q - 40 fruits
 w - 12 bread rations
 x - 12 meat rations


   Skills:
 * Level 14.6 Fighting
 + Level 14.7 Long Blades
 - Level 2.0 Throwing
 * Level 14.5 Armour
 * Level 13.7 Dodging
 + Level 5.7 Unarmed Combat
 + Level 8.3 Invocations
 + Level 7.4 Evocations


You had 10 spell levels left.
You didn't know any spells.

Dungeon Overview and Level Annotations

Branches:
Dungeon (1/1)

Altars:
Cheibriados
Dithmenos
Elyvilon
Fedhas
Gozag
Hepliaklqana
Kikubaaqudgha
Makhleb
Nemelex Xobeh
Okawaru
Qazlal
Ru
Sif Muna
Trog
Uskayaw
Vehumet
Xom
Yredelemnul
Zin
The Shining One
Beogh
Jiyva
Lugonu

Shops:
D [}=


Innate Abilities, Weirdness & Mutations

You reflexively headbutt those who attack you in melee.
You have a pair of horns on your head.


Message History

* * * LOW HITPOINT WARNING * * *
You slash the orc knight!
You kill the orc knight!
Cheibriados thoroughly appreciates the change of pace.
You slash the orc warrior! You headbutt the orc warrior.
You kill the orc warrior!
Cheibriados appreciates the change of pace.
The orc warrior completely misses you. You furiously retaliate!
You headbutt the orc warrior, but do no damage.
You riposte.
You hit the orc warrior but do no damage.
The orc warrior barely misses you. The orc warrior hits you with a mace!
* * * LOW HITPOINT WARNING * * *
Items here: $ ))) [[[ Unknown command.
You hit the orc warrior but do no damage.
You headbutt the orc warrior.
The orc warrior is lightly wounded.
The orc warrior hits you from afar with a trident!!
You die...

▓▓▓▓▓▓▓▓▓▓▓▓▓▓▓▓▓▓▓▓▓▓▓▓
))))))).....')))@oo$∩.∩.
▓▓▓▓▓▓▓▓▓▓▓▓▓▓▓▓▓▓▓▓▓▓▓▓▓▓▓▓▓▓▓▓▓
.................................
▓▓▓▓▓▓▓▓▓▓▓▓▓▓▓▓▓▓▓▓▓▓▓▓▓▓▓▓▓▓▓▓▓
...'.÷÷÷÷....'†.....†...)='...[[[
▓▓▓▓▓▓▓▓▓▓▓▓▓▓▓▓▓▓▓▓▓▓▓▓▓▓▓▓▓▓▓▓▓
.................................
▓▓▓▓▓▓▓▓▓▓▓▓▓▓▓▓▓▓▓▓▓▓▓▓▓▓▓▓▓▓▓▓▓
____________.'..|(..[..').....)..


You could see 2 orc warriors.

Vanquished Creatures
  A hydra (D)
  Sonja (D)
  5 orc knights (D)
  A black mamba (D)
  A spiny frog (D)
  A polar bear (D)
  A troll (D)
  A blink frog (D)
  4 hippogriffs (D)
  A wyvern (D)
  A basilisk (D)
  A hungry ghost (D)
  A vampire mosquito (D)
  2 wargs (D)
  A hell hound (D)
  A water moccasin (D)
  4 porcupines (D)
  16 orc warriors (D)
  A black bear (D)
  3 ogres (D)
  5 wolves (D)
  3 crocodiles (D)
  A bullfrog (D)
  A crimson imp (D)
  A quasit (D)
  A hound (D)
  3 orc priests (D)
  5 orc wizards (D)
  A shadow imp (D)
  6 orcs (D)
  A bat (D)
  A bat skeleton (D)
  A giant cockroach (D)
  2 goblins (D)
  2 jackals (D)
  A rat (D)
83 creatures vanquished.

Notes
Turn   | Place    | Note
-------+----------+-------------------------------------------
     0 | D        | Groucho the Minotaur Gladiator began the quest for the Orb.
     0 | D        | Reached XP level 1. HP: 18/18 MP: 0/0
     9 | D        | Reached skill level 1 in Armour
    19 | D        | Noticed a hound
    19 | D        | Noticed an ogre
    19 | D        | Noticed a crimson imp
    27 | D        | Killed a hound
    27 | D        | Reached XP level 2. HP: 27/27 MP: 1/1
    27 | D        | Reached XP level 3. HP: 33/33 MP: 2/2
    31 | D        | Killed an ogre
    31 | D        | Reached skill level 5 in Fighting
    31 | D        | Reached skill level 5 in Dodging
    31 | D        | Reached XP level 4. HP: 28/42 MP: 3/3
    36 | D        | Reached skill level 5 in Armour
    36 | D        | Reached XP level 5. HP: 35/50 MP: 4/4
   639 | D        | Found a roughly hewn altar of Beogh.
   639 | D        | Found a snail-covered altar of Cheibriados.
   639 | D        | Found a shadowy altar of Dithmenos.
   639 | D        | Found a white marble altar of Elyvilon.
   639 | D        | Found a blossoming altar of Fedhas.
   639 | D        | Found an opulent altar of Gozag.
   640 | D        | Found a hazy altar of Hepliaklqana.
   641 | D        | Found a viscous altar of Jiyva.
   642 | D        | Found an ancient bone altar of Kikubaaqudgha.
   643 | D        | Found a corrupted altar of Lugonu.
   645 | D        | Became a worshipper of Cheibriados the Contemplative
   647 | D        | Found a burning altar of Makhleb.
   648 | D        | Found a sparkling altar of Nemelex Xobeh.
   649 | D        | Found an iron altar of Okawaru.
   650 | D        | Found a stormy altar of Qazlal.
   651 | D        | Found a sacrificial altar of Ru.
   652 | D        | Found a deep blue altar of Sif Muna.
   653 | D        | Found a bloodstained altar of Trog.
   654 | D        | Found a hide-covered altar of Uskayaw.
   655 | D        | Found a radiant altar of Vehumet.
   656 | D        | Found a shimmering altar of Xom.
   657 | D        | Found a basalt altar of Yredelemnul.
   658 | D        | Found a glowing silver altar of Zin.
   659 | D        | Found a glowing golden altar of the Shining One.
   713 | D        | Noticed a hungry ghost
   718 | D        | Killed a hungry ghost
   718 | D        | Reached skill level 1 in Evocations
   718 | D        | Reached XP level 6. HP: 57/60 MP: 4/6
   720 | D        | Reached * piety under Cheibriados
   728 | D        | Reached ** piety under Cheibriados
   728 | D        | Reached skill level 10 in Long Blades
   992 | D        | Noticed a vampire mosquito
   992 | D        | Noticed a hippogriff
   992 | D        | Noticed a troll
  1002 | D        | Reached XP level 7. HP: 64/69 MP: 8/8
  1004 | D        | Reached *** piety under Cheibriados
  1006 | D        | Killed a vampire mosquito
  1008 | D        | Killed a hippogriff
  1010 | D        | Killed a troll
  1010 | D        | Reached **** piety under Cheibriados
  1010 | D        | Reached skill level 10 in Fighting
  1010 | D        | Reached XP level 8. HP: 76/79 MP: 8/10
  1307 | D        | Noticed a spiny frog
  1307 | D        | Noticed a hippogriff
  1307 | D        | Noticed a blink frog
  1310 | D        | Noticed a hippogriff
  1316 | D        | Killed a blink frog
  1316 | D        | Reached skill level 10 in Armour
  1319 | D        | Noticed a five-headed hydra
  1319 | D        | Killed a spiny frog
  1319 | D        | Reached ***** piety under Cheibriados
  1319 | D        | Reached skill level 10 in Dodging
  1319 | D        | Reached skill level 5 in Invocations
  1325 | D        | Killed a hippogriff
  1325 | D        | Reached XP level 9. HP: 48/89 MP: 10/12
  1335 | D        | Killed a ten-headed hydra
  1335 | D        | Reached skill level 5 in Evocations
  1340 | D        | Reached ****** piety under Cheibriados
  1991 | D        | Noticed a black mamba
  1991 | D        | Noticed a polar bear
  1996 | D        | Killed a black mamba
  2000 | D        | Killed a polar bear
  2003 | D        | Reached skill level 1 in Unarmed Combat
  2004 | D        | Reached XP level 10. HP: 94/99 MP: 13/13
  2355 | D        | Noticed Sonja
  2363 | D        | Killed Sonja
  2915 | D        | Found Feysitoo's Armour Emporium.
  2915 | D        | Noticed an orc knight
  2915 | D        | Noticed an orc knight
  2915 | D        | Noticed an orc knight
  2916 | D        | Noticed an orc knight
  2919 | D        | Killed an orc knight
  2920 | D        | Found Ogicoka's Gadget Shoppe.
  2922 | D        | Noticed an orc knight
  2927 | D        | HP: 5/103 [orc knight/enchanted halberd (26)]
  2929 | D        | Killed an orc knight
  2929 | D        | Reached skill level 5 in Unarmed Combat
  2929 | D        | Reached XP level 11. HP: 32/110 MP: 15/15
  2933 | D        | Killed an orc knight
  2934 | D        | Found Duacretz's Jewellery Emporium.
  2934 | D        | Killed an orc knight
  2936 | D        | Killed an orc knight
  2939 | D        | Demolished by an orc warrior

Skill      XL: |  1  2  3  4  5  6  7  8  9 10 11 |
---------------+----------------------------------+-----
Long Blades    | 6 8 9 10 11 12 13 14 | 14.7
Armour         | 3 4 5 6 8 9 10 12 14 | 14.5
Fighting       | 4 5 7 8 10 11 12 14 | 14.6
Dodging        | 4 5 6 7 8 9 10 11 13 | 13.7
Invocations    | 2 3 4 5 6 7 8 |  8.3
Evocations     | 1 2 3 4 5 7 |  7.4
Unarmed Combat | 1 5 |  5.7
Throwing       | |  2.0

Action                   |  1- 3 |  4- 6 |  7- 9 | 10-12 || total
-------------------------+-------+-------+-------+-------++-------
Melee: Long sword        |    18 |    12 |       |       ||    30
       Headbutt          |     1 |     7 |    22 |    30 ||    60
       Scimitar          |       |    25 |    47 |    72 ||   144
       Punch             |       |       |       |     3 ||     3
Invok: Slouch            |       |       |       |     3 ||     3
Evoke: Wand              |       |       |       |     3 ||     3
  Use: Potion            |     3 |       |     2 |     3 ||     8
 Stab: Invisible         |       |       |     5 |       ||     5
  Eat: Bread ration      |       |     1 |       |       ||     1
Armor: Leather armour    |     7 |     1 |       |       ||     8
       Ring mail         |       |     5 |    10 |     8 ||    23
Dodge: Dodged            |    11 |    22 |    59 |    73 ||   165
       Rpst.: Long sword |     3 |     1 |       |       ||     4
       Scimitar          |       |     4 |    12 |    18 ||    34
